 Dungeon Crawl Stone Soup version 0.30.1-4-g462c640d31 (webtiles) character file.

Game seed: 12866261024015540994

2706 Logoto the Firebug (level 9, 0/66 (68) HPs)
             Began as a Grey Draconian Fire Elementalist on Aug 23, 2023.
             Was a Follower of Vehumet.
             Slain by a wight
             ... wielding a +5 falchion
              (11 damage)
             ... on level 8 of the Dungeon.
             The game lasted 00:22:27 (9244 turns).

Logoto the Firebug (DrFE)                           Turns: 9244, Time: 00:22:28

HP:   0/66 (68)     AC: 14    Str: 13 (14) XL:     9   Next: 39%
MP:   8/18          EV: 12    Int: 15 (17) God:    Vehumet [*.....]
Gold: 186           SH:  0    Dex: 10 (11) Spells: 16/21 levels left

rFire   + . .        K - +1 trident (vamp)
rCold   + . .        (no shield)
rNeg    . . .        (body armour unavailable)
rPois   .            (helmet restricted)
rElec   .            (no cloak)
rCorr   .            j - +1 pair of gloves
SInv    .            (no boots)
Will    .....        (no amulet)
Stlth   ++           d - ring of protection from cold
HPRegen 0.31/turn    v - ring of protection from fire
MPRegen 0.16/turn

%: no passive effects
@: studying Stealth, lightly drained
A: AC +12, amphibious, unfitting armour, cold-blooded
a: Renounce Religion


You were on level 8 of the Dungeon.
You worshipped Vehumet.
Vehumet was aware of your devotion.
You visited 2 branches of the dungeon, and saw 9 of its levels.

You collected 552 gold pieces.
You spent 366 gold pieces at shops.

Inventory:

Hand Weapons
 k - a +3 spear
 F - a +2 whip of venom
 H - a +1 trident of flaming
 K - a +1 vampiric trident (weapon)
Missiles
 m - a throwing net
Armour
 j - a +1 pair of gloves (worn)
Jewellery
 d - a ring of protection from cold (left hand)
 s - a ring of resist corrosion
 v - a ring of protection from fire (right hand)
 A - a +4 ring of protection
Wands
 q - a wand of mindburst (16)
 y - a wand of flame (13)
 D - a wand of digging (5)
 J - a wand of paralysis (9)
Scrolls
 c - 8 scrolls of teleportation
 e - 7 scrolls of identify
 i - 2 scrolls of immolation {unknown}
 n - 2 scrolls of amnesia {unknown}
 p - a scroll of brand weapon {unknown}
 r - 2 scrolls of fog {unknown}
 u - 2 scrolls of noise {unknown}
 w - a scroll of blinking {unknown}
 x - a scroll of poison {unknown}
 z - a scroll of torment {unknown}
 I - a scroll of fear {unknown}
Potions
 a - 2 potions of magic
 b - 3 potions of haste
 f - 3 potions of degeneration
 g - 3 potions of attraction {unknown}
 h - 2 potions of lignification {unknown}
 l - 4 potions of curing
 o - 2 potions of might
 t - a potion of mutation {unknown}
 B - 2 potions of flight {unknown}
 C - 3 potions of brilliance {unknown}
 E - a potion of cancellation {unknown}
 G - a potion of heal wounds {unknown}


   Skills:
 + Level 2.9 Fighting
 + Level 0.2 Short Blades
 + Level 4.7 Polearms
 + Level 4.0 Dodging
 + Level 3.6 Stealth
 + Level 0.4 Unarmed Combat
 + Level 6.6 Spellcasting
 + Level 3.7 Conjurations
 + Level 7.2 Fire Magic


You had 16 spell levels left.
You knew the following spells:

 Your Spells              Type           Power      Damage    Failure   Level
a - Foxfire               Conj/Fire      84%        2x1d8     1%          1
b - Scorch                Fire           52%        2d7       1%          2
c - Searing Ray           Conj           32%        2d5       4%          2

Your spell library contained the following spells:

 Spells                   Type           Power      Damage    Failure   Level
 Kiss of Death            Conj/Necr      40%        2d8       6%          1
 Magic Dart               Conj           64%        1d6       3%          1
 Inner Flame              Hex/Fire       15%        N/A       10%         3
 Volatile Blastmotes      Fire/Tloc      30%        2d12      10%         3
 Flame Wave               Conj/Fire      21%        2d8       14%         4
 Hailstorm                Conj/Ice       10%        3d5       19%         3
 Sublimation of Blood     Necr           4%         N/A       22%         2
 Call Canine Familiar     Summ           4%         N/A       38%         3
 Portal Projectile        Hex/Tloc       8%         N/A       38%         3
 Fulminant Prism          Conj/Hex       5%         3d6       54%         4
 Ice Form                 Ice/Tmut       4%         N/A       80%         4
 Leda's Liquefaction      Hex/Erth       2%         N/A       80%         4
 Petrify                  Tmut/Erth      4%         N/A       80%         4
 Irradiate                Conj/Tmut      5%         3d13      87%         5
 Simulacrum               Ice/Necr       2%         N/A       100%        6


Dungeon Overview and Level Annotations

Branches:
Dungeon (8/15)             Temple (1/1) D:6
   Lair: D:8-11

Altars:
Ashenzari
Cheibriados
Dithmenos
Elyvilon
Fedhas
Gozag
Hepliaklqana
Makhleb
Nemelex Xobeh
Okawaru
Ru
Sif Muna
Trog
Uskayaw
Vehumet
Wu Jian
Xom
Yredelemnul
Zin
The Shining One

Shops:
D:2 *   D:4 [   D:8 *

Annotations:
D:7 2 transporters, Fodor's ghost, novice MiFi


Innate Abilities, Weirdness & Mutations

Your dull iron-grey scales are very hard. (AC +12)
You are amphibious.
You cannot fit into any form of body armour.
You are cold-blooded and may be slowed by cold attacks.


Message History

You are too injured to fight recklessly!
Casting: Foxfire (safe; 1% risk of failure)
Confirm with . or Enter, or press ? or * to list all spells.
Flames lash the wight.
You destroy the wight!
Vehumet accepts your kill. The wight hits you with a +2 scimitar!
You feel drained.
Casting: Scorch (safe; 1% risk of failure)
Confirm with . or Enter, or press ? or * to list all spells.
Flames lash the wight but do no damage.
The wight misses you.
Casting: Scorch (safe; 1% risk of failure)
Confirm with . or Enter, or press ? or * to list all spells.
Flames lash the wight.
The wight is moderately damaged.
The wight's fire resistance burns away.
The wight hits you but does no damage.
It was a potion of degeneration.
There was something very wrong with that liquid.
You feel weakened.
You feel dopey.
You feel clumsy. The wight barely misses you.
The wight attacks as you move away! The wight hits you with a +2 scimitar!
* * * LOW HITPOINT WARNING * * *
The wight is no longer more vulnerable to fire.
The wight attacks as you move away! The wight closely misses you.
Casting: Scorch (safe; 1% risk of failure)
Confirm with . or Enter, or press ? or * to list all spells.
Flames lash the wight.
The wight is lightly damaged.
The wight's fire resistance burns away.
The wight hits you but does no damage.
Casting: Scorch (safe; 1% risk of failure)
Confirm with . or Enter, or press ? or * to list all spells.
Flames lash the wight.
The wight is burned terribly!
You destroy the wight!
Vehumet accepts your kill.
You feel your power returning. The wight barely misses you.
Casting: Scorch (safe; 1% risk of failure)
Confirm with . or Enter, or press ? or * to list all spells.
Flames lash the wight.
The wight is heavily damaged.
The wight's fire resistance burns away.
The wight hits you with a +5 falchion!
You die...

#.#####..[...)#
#
####..####.....#
# #.....# #.####
#.##.##.## ...
#.......# ...#
####.#### ...#
#.# .# ##)######
#.@.....#
#z)####.# #..###
.## #....#
..#####
#.##.##.......
#.##.#.....##.
#....)........
####.......##.
####...##


You could see a wight (combustible).

Vanquished Creatures
  A water moccasin (D:6)
  An orc warrior (Temple)
  4 ice beasts
  2 sky beasts (D:6)
  2 ogres
  2 centaurs (D:8)
  A phantom (D:6)
  2 kobold brigands
  A bullfrog (D:7)
  A gnoll sergeant (D:7)
  5 scorpions
  4 wights (D:8)
  2 jellies
  A gnoll bouda (D:7)
  3 hounds
  3 orc priests
  4 orc wizards
  3 iguanas
  12 gnolls
  7 adders
  4 white imps
  An ufetubus (D:5)
  A worm (D:3)
  3 dart slugs
  30 orcs
  6 endoplasms
  2 giant cockroaches
  5 goblins
  10 hobgoblins
  4 quokkas
  5 ball pythons
  8 bats
  2 frilled lizards
  15 kobolds
  6 rats
163 creatures vanquished.

Vanquished Creatures (others)
  332 foxfires
332 creatures vanquished.

Grand Total: 495 creatures vanquished

Notes
Turn   | Place    | Note
-------+----------+-------------------------------------------
     0 | D:1      | Logoto the Draconian Fire Elementalist began the quest for
                  | the Orb.
     0 | D:1      | Reached XP level 1. HP: 14/14 MP: 3/3
   680 | D:1      | Reached XP level 2. HP: 20/20 MP: 3/5
   687 | D:1      | Learned a level 2 spell: Scorch
  1367 | D:2      | Reached XP level 3. HP: 26/26 MP: 2/6
  1743 | D:2      | Found Cain's General Store.
  1748 | D:2      | Bought 2 potions of might for 96 gold pieces
  1748 | D:2      | Bought a potion of curing for 36 gold pieces
  2008 | D:3      | Found a sacrificial altar of Ru.
  2130 | D:3      | Reached XP level 4. HP: 34/34 MP: 4/7
  2601 | D:3      | Reached skill level 1 in Polearms
  2629 | D:3      | Reached skill level 1 in Fighting
  2797 | D:3      | Found a faded altar of an unknown god.
  3054 | D:4      | Noticed a scorpion
  3087 | D:3      | Reached skill level 4 in Fire Magic
  3087 | D:3      | Reached XP level 5. HP: 16/40 MP: 1/8
  3579 | D:4      | Found Jamysi's Antique Armour Shoppe.
  3803 | D:4      | Found a shadowy altar of Dithmenos.
  3851 | D:5      | Entered Level 5 of the Dungeon
  4157 | D:5      | Reached XP level 6. HP: 33/47 MP: 5/10
  4608 | D:5      | Noticed an ice beast
  4615 | D:5      | Killed an ice beast
  4616 | D:5      | Your scales start taking on a dull iron-grey colour.
  4616 | D:5      | Reached XP level 7. HP: 52/52 MP: 4/12
  4683 | D:5      | Found a broken altar of Ashenzari.
  4724 | D:5      | Learned a level 2 spell: Searing Ray
  4984 | D:5      | Reached skill level 5 in Fire Magic
  5450 | D:5      | Found a shimmering altar of Xom.
  5765 | D:6      | Reached XP level 8. HP: 60/60 MP: 11/15
  5830 | D:6      | Found a staircase to the Ecumenical Temple.
  5849 | D:6      | Reached skill level 5 in Spellcasting
  6034 | Temple   | Entered the Ecumenical Temple
  6313 | Temple   | Became a worshipper of Vehumet
  6424 | Temple   | Reached skill level 6 in Fire Magic
  7164 | D:6      | Found a basalt altar of Yredelemnul.
  7164 | D:6      | Found a glowing silver altar of Zin.
  7510 | D:7      | Reached * piety under Vehumet
  7510 | D:7      | Offered knowledge of Kiss of Death by Vehumet.
  7658 | D:7      | Reached XP level 9. HP: 52/68 MP: 13/18
  8057 | D:7      | Found a transporter.
  8187 | D:7      | Noticed Fodor's ghost (novice MiFi)
  8237 | D:7      | Reached skill level 7 in Fire Magic
  8491 | D:7      | Found a transporter.
  8662 | D:7      | Identified the +2 ring mail of Inquiry {Dex+5}
  8950 | D:8      | Found Nainas's General Store.
  8959 | D:8      | Bought a scroll of identify for 24 gold pieces
  8959 | D:8      | Bought a +1 vampiric trident for 210 gold pieces
  9244 | D:8      | Slain by a wight

Illustrated notes

Levels and vault maps discovered:
D:1:      matt_arrival_spirals, layout_loops_ring
D:2:      layout_rooms, serial_shops, nicolae_shop_trees, st_stairs_9,
          kennysheep_cross_room, grunt_ministairs_11, minmay_parallelograms
D:3:      layout_loops_corners, mainiacjoe_overflow_cross_hatched,
          dilly_ecumenical_altar_fadedgnrine
D:4:      layout_rooms, nicolae_dithmenos_through_a_glass_darkly, serial_shops,
          kennysheep_mini_moat, st_stairs_6, minmay_misc_feat_encased
D:5:      layout_cave_pods, mainiacjoe_overflow_alcove_1,
          evilmike_ruin_ashenzari, nicolae_nh_ransacked_shop
D:6:      layout_gridville, gammafunk_temple_overflow_wave,
          minmay_temple_entry_drinking_statues, minmay_door_square
D:7:      layout_basic, gammafunk_ghost_gnarly_gnolls, minmay_manual_mail
D:8:      layout_loops_cross, serial_shops, nicolae_square_shop
Temple:   minmay_temple_curvy_branch

Skill      XL: |  1  2  3  4  5  6  7  8  9 |
---------------+----------------------------+-----
Stealth        | 2 3 |  3.6
Dodging        | 2 3 4 |  4.0
Polearms       | 1 2 3 4 |  4.7
Fighting       | 1 2 |  2.9
Fire Magic     | 4 5 6 7 |  7.2
Spellcasting   | 3 4 6 |  6.6
Conjurations   | 2 3 |  3.7
Short Blades   | |  0.2
Unarmed Combat | |  0.4

Action                     |  1- 3 |  4- 6 |  7- 9 || total
---------------------------+-------+-------+-------++-------
  Melee: Unarmed           |    31 |       |       ||    31
         Tailslap          |     4 |    16 |    20 ||    40
         Dagger            |     7 |       |       ||     7
         Spear             |    33 |   105 |   138 ||   276
         Punch             |     2 |     3 |       ||     5
         Trident           |       |       |    46 ||    46
   Cast: Foxfire           |    43 |    42 |   117 ||   202
         Scorch            |     3 |    11 |    63 ||    77
    Use: Scroll            |       |     1 |       ||     1
         Potion            |       |     1 |     3 ||     4
   Stab: Sleeping          |     2 |     3 |       ||     5
 Armour: Skin              |    42 |    53 |   132 ||   227
  Dodge: Dodged            |    92 |    69 |   176 ||   337
